 Dungeon Crawl Stone Soup version 0.30-a0-986-g7f2e898f52 (webtiles) character file.

Game seed: 1194637650267912554

18694 Zonian the Grappler (level 12, -13/77 HPs)
             Began as a Vine Stalker Gladiator on Apr 1, 2023.
             Was a High Priest of Ashenzari.
             Killed from afar by a rime drake (19 damage)
             ... with an icy flash freeze
             ... on level 3 of the Lair of Beasts.
             The game lasted 00:42:14 (12470 turns).

Zonian the Grappler (Vine Stalker Gladiator)       Turns: 12470, Time: 00:42:15

Health: -13/77     AC: 14    Str: 21    XL:     12   Next: 61%
Magic:  0/22       EV: 15    Int:  8    God:    Ashenzari [*****.]
Gold:   351        SH:  0    Dex: 23    Spells: 11/11 levels left

rFire   . . .      SeeInvis +      - Unarmed
rCold   . . .      Faith    .    (no shield)
rNeg    . . .      Spirit   +    E - +1 swamp dragon scales "I Foresaw This" {rPois, Fort, Self} (curse)
rPois   +          Reflect  .    m - +2 helmet "Visionary of Ashenzari" {Cun, Range} (curse)
rElec   .          Rampage  .    t - scarf of Supernal Wisdom {repulsion, Alch, Melee} (curse)
rCorr   .          Clarity  +    f - +0 pair of gloves of the Eternal Affliction {Cun, Elem} (curse)
Will    +....                    O - +1 pair of boots of Curses and Power {Evo, Cun} (curse)
Stlth   ++++++                   c - amulet of the Chained Firmament {RegenMP, Evo, Fort} (curse)
HPRegen 1.12/turn                K - ring "Chained With Me" {Dex+6, Fort, Melee} (curse)
MPRegen 0.58/turn                M - ring "Chained Together" {MP+9, Melee, Self} (curse)

@: flying, hasted, studying Stealth, repel missiles, very quick
A: fangs 3, regeneration 1, magic shield, antimagic bite, no potion heal 2
a: Renounce Religion, Shatter the Chains


You were on level 3 of the Lair of Beasts.
You worshipped Ashenzari.
Ashenzari was extremely pleased with you.
You visited 3 branches of the dungeon, and saw 13 of its levels.
You also visited: Ossuary and Bailey.

You collected 731 gold pieces.
You spent 380 gold pieces at shops.

Inventory:

Hand Weapons
 j - a +1 scimitar of flaming
Missiles
 d - 6 javelins
 k - a throwing net
 A - 15 poisoned darts (quivered)
Armour
 a - a +0 leather armour
 f - the cursed +0 pair of gloves of the Eternal Affliction (worn) {Cun, Elem}
   (You found it on level 3 of the Dungeon)

   It has a curse which improves the following skills: Cunning: Dodging and
   Stealth.
   Elements:  Fire Magic, Ice Magic, Air Magic and Earth Magic.
 m - the cursed +2 helmet "Visionary of Ashenzari" (worn) {Cun, Range}
   (You found it on level 2 of the Dungeon)

   It has a curse which improves the following skills: Cunning: Dodging and
   Stealth.
   Ranged Combat: Ranged Weapons and Throwing.
 t - the cursed scarf of Supernal Wisdom (worn) {repulsion, Alch, Melee}
   (You bought it in a shop on level 9 of the Dungeon)

   It has a curse which improves the following skills: Alchemy: Poison Magic and
   Transmutations.
   Melee Combat: Short Blades, Long Blades, Axes, Maces & Flails, Polearms,
   Staves and Unarmed Combat.
 y - a +2 leather armour of cold resistance
 D - a +0 cloak
 E - the cursed +1 swamp dragon scales "I Foresaw This" (worn) {rPois, Fort, Self}
   (You found it in a bailey)

   rPois:     It protects you from poison.
   It has a curse which improves the following skills: Fortitude: Armour and
   Shields.
   Introspection: Fighting and Spellcasting.
 F - a +2 robe of fire resistance
 O - the cursed +1 pair of boots of Curses and Power (worn) {Evo, Cun}
   (You found it on level 1 of the Lair of Beasts)

   It has a curse which improves the following skills: Evocations: Evocations.
   Cunning:   Dodging and Stealth.
Jewellery
 c - the cursed amulet of the Chained Firmament (around neck) {RegenMP, Evo, Fort}
   (You took it off an orc on level 8 of the Dungeon)

   [amulet of magic regeneration]

   It increases your rate of magic regeneration.
   It has a curse which improves the following skills: Evocations: Evocations.
   Fortitude: Armour and Shields.
 g - a ring of see invisible
 h - a ring of positive energy
 K - the cursed ring "Chained With Me" (left hand) {Dex+6, Fort, Melee}
   (You found it on level 1 of the Lair of Beasts)

   [ring of dexterity]

   Dex:       It affects your dexterity (+6).
   It has a curse which improves the following skills: Fortitude: Armour and
   Shields.
   Melee Combat: Short Blades, Long Blades, Axes, Maces & Flails, Polearms,
   Staves and Unarmed Combat.
 M - the cursed ring "Chained Together" (right hand) {MP+9, Melee, Self}
   (You found it on level 1 of the Lair of Beasts)

   [ring of magical power]

   MP:        It affects your magic capacity (+9).
   It has a curse which improves the following skills: Melee Combat: Short
   Blades, Long Blades, Axes, Maces & Flails, Polearms, Staves and Unarmed
   Combat.
   Introspection: Fighting and Spellcasting.
 P - a +5 ring of evasion
 T - an amulet of the acrobat
Wands
 o - a wand of paralysis (2)
 s - a wand of flame (29)
 w - a wand of polymorph (6)
 I - a wand of digging (7)
 S - a wand of acid (6)
Scrolls
 i - a scroll of fear
 l - 2 scrolls of brand weapon
 q - 5 scrolls of enchant weapon
 x - 3 scrolls of magic mapping
 z - 2 scrolls of immolation
 B - 3 scrolls of fog
 C - a scroll of torment
Potions
 b - 2 potions of mutation
 e - 2 potions of lignification
 n - 3 potions of resistance
 p - 4 potions of attraction
 r - 3 potions of brilliance
 u - 5 potions of haste
 v - a potion of flight
 H - 3 potions of might
 J - a potion of cancellation
 L - a potion of berserk rage
 N - 3 potions of curing
Miscellaneous
 Q - a box of beasts


   Skills:
 + Level 12.4(15.5) Fighting
 - Level 2.0(3.6) Throwing
 - Level 2.6(5.9) Dodging
 + Level 10.2(14.3) Stealth
 + Level 13.6(17.7) Unarmed Combat


You had 11 spell levels left.
You didn't know any spells.
Your spell library contained the following spells:

 Spells                   Type           Power      Damage    Failure   Level
 Sandblast                Erth           0%         2d4       54%         1
 Passwall                 Tmut/Erth      0%         N/A       67%         2
 Hailstorm                Conj/Ice       0%         3d3       90%         3
 Stone Arrow              Conj/Erth      0%         3d7       90%         3
 Dazzling Flash           Conj/Hex       0%         N/A       91%         3
 Portal Projectile        Hex/Tloc       0%         N/A       91%         3
 Tukima's Dance           Hex            0%         N/A       91%         3
 Ice Form                 Ice/Tmut       0%         N/A       99%         4
 Animate Dead             Necr           0%         N/A       100%        4
 Agony                    Necr           0%         N/A       100%        5
 Blade Hands              Tmut           0%         N/A       100%        5
 Silence                  Hex/Air        0%         N/A       100%        5
 Simulacrum               Ice/Necr       0%         N/A       100%        6
 Haunt                    Necr/Summ      0%         N/A       100%        7
 Infestation              Necr           0%         N/A       100%        8


Dungeon Overview and Level Annotations

Branches:
Dungeon (9/15)             Temple (1/1) D:4            Lair (3/5) D:9
  Swamp (0/4) Lair:3       Spider (0/4) Lair:3      Ossuary (visited)
 Bailey (visited)
    Orc: D:9-12

Altars:
Ashenzari
Cheibriados
Dithmenos
Elyvilon
Fedhas
Gozag
Hepliaklqana
Kikubaaqudgha
Makhleb
Nemelex Xobeh
Okawaru
Qazlal
Ru
Trog
Uskayaw
Vehumet
Wu Jian
Xom
Yredelemnul
Zin
The Shining One

Shops:
D:4 *   D:9 [(

Annotations:
D:5 Sigmund
Lair:2 2 runed translucent doors, DeathPants's ghost, journeyman VSMo
Lair:3 1 runed translucent door


Innate Abilities, Weirdness & Mutations

You have razor-sharp teeth.
Your natural rate of healing is unusually fast.
When hurt, damage is shared between your health and your magic reserves.
Your bite disrupts and absorbs the magic of your enemies.
Potions cannot restore your health.


Message History

The six-headed hydra bites you! x2
* * * LOW HITPOINT WARNING * * *
The six-headed hydra bites you but does no damage.
The six-headed hydra closely misses you.
The six-headed hydra bites you!
* * * LOW HITPOINT WARNING * * *
Your surroundings suddenly seem different.
Splash!
You fall into the shallow water.
Moving in this stuff is going to be slow.
An electric eel, a lindwurm and a dire elephant come into view.
Found five items.
The lindwurm roars!
The dire elephant trumpets!
As you read the scroll of fear, it crumbles to dust.
You assume a fearsome visage.
The electric eel looks frightened!
The lindwurm resists with some effort.
The dire elephant resists with almost no effort.
Unknown command.
Okay, then.
You feel yourself speed up. Magic courses through your body.
The lindwurm misses you. The lindwurm barely misses you.
The lindwurm closely misses you. The dire elephant tramples you!!
* * * LOW HITPOINT WARNING * * *
You hold your ground!
The dire elephant trunk-slaps you but does no damage.
As you read the scroll of fear, it crumbles to dust.
You assume a fearsome visage.
The lindwurm looks frightened!
The dire elephant resists with almost no effort.
You feel very buoyant.
You fly up into the air.
The dire elephant tramples you!
* * * LOW HITPOINT WARNING * * *
You are shoved backwards!
An elephant comes into view.
A rime drake comes into view.
Found a runed translucent door.
The elephant trumpets!
The rime drake hisses angrily.
You hear a trumpeting!
The rime drake breathes ice at you. The icy flash freeze hits you!!
You die...

* *** * *
~≈P+~ ~
~~~~ ~ * *
~≈~# ~~ ,,
* *~~# * ,
##~≈# ~* ,
,, ##~≈k#
*~ ~ * ,
#Y~≈#* ~
*, ,,
#~@#* **~
* #~~♣# *
~ ** ~~~
#≈~~## ♣~
~~~
##≈~≈##.♣
~ ~ ~ ~
###Y~#.♣~
~* ~ ~ ~
#.##~##♣~~
~~
#S~~~##*~
~~~,~
#~~~##
~~~~~
#~### * ~~
~~, ,


You could see a dire elephant, an elephant and a rime drake (catching breath).

Vanquished Creatures
  Erica (D:8)
  A boulder beetle (D:8)
  2 two-headed ogres (D:9)
  A black mamba (Lair:2)
  A cane toad (Lair:2)
  2 rime drakes
  3 komodo dragons
  14 blink frogs
  A vampire (Bailey)
  27 yaks
  2 basilisks (Lair:1)
  10 water moccasins
  An acid dragon (D:9)
  Duvessa (D:5)
  5 black bears
  An ice beast (D:5)
  5 orc warriors
  4 sky beasts
  An ogre (D:5)
  5 wolves (Lair:1)
  4 centaurs
  2 elf zombies (Ossuary)
  7 bullfrogs
  10 scorpions
  6 wights
  Dowan (D:5)
  9 killer bees
  6 howler monkeys (D:9)
  9 vampire bats (Bailey)
  6 wolf zombies (Bailey)
  2 centaur zombies (Ossuary)
  A human zombie (Ossuary)
  4 jellies
  7 orc priests
  2 hounds
  2 iguanas
  2 sleepcaps
  14 orc wizards
  3 mummies
  6 gnolls
  6 adders
  2 white imps (D:7)
  5 ufetubi
  6 dart slugs
  3 worms
  57 orcs
  8 ball pythons
  7 bats
  6 endoplasms
  5 giant cockroaches
  13 goblins
  11 hobgoblins
  12 jackals
  3 quokkas
  8 frilled lizards
  2 goblin zombies (Ossuary)
  13 hobgoblin zombies
  4 kobolds
  8 kobold zombies
  34 orc zombies
  5 rats
  3 rat zombies (Ossuary)
412 creatures vanquished.

Vanquished Creatures (others)
  14 fungi
  16 plants
  9 toadstools (Lair:3)
39 creatures vanquished.

Grand Total: 451 creatures vanquished

Notes
Turn   | Place    | Note
-------+----------+-------------------------------------------
     0 | D:1      | Zonian the Vine Stalker Gladiator began the quest for the
                  | Orb.
     0 | D:1      | Reached XP level 1. HP: 11/11 MP: 2/2
    64 | D:1      | Reached XP level 2. HP: 11/15 MP: 3/3
   221 | D:1      | Reached skill level 1 in Stealth
   221 | D:1      | Reached XP level 3. HP: 16/18 MP: 4/4
   947 | D:2      | Gained mutation: Your natural rate of healing is unusually
                  | fast. [Vine Stalker growth]
   947 | D:2      | Reached XP level 4. HP: 21/23 MP: 5/5
  1895 | D:3      | Reached XP level 5. HP: 26/28 MP: 4/6
  1908 | D:3      | Reached skill level 4 in Unarmed Combat
  2422 | D:4      | Found Uluj's Assorted Antiques.
  2427 | D:4      | Bought a long wooden wand for 132 gold pieces
  2528 | D:4      | Found a blossoming altar of Fedhas.
  2582 | D:4      | Reached XP level 6. HP: 30/32 MP: 7/7
  2587 | D:4      | Found an iron altar of Okawaru.
  2734 | D:4      | Found a staircase to the Ecumenical Temple.
  2747 | Temple   | Entered the Ecumenical Temple
  2785 | Temple   | Became a worshipper of Ashenzari the Shackled
  2844 | D:4      | Found a burning altar of Makhleb.
  3052 | D:4      | Noticed a black bear
  3089 | D:5      | Entered Level 5 of the Dungeon
  3216 | D:5      | Found a sand-covered staircase.
  3221 | Ossuary  | Entered an ossuary
  3366 | Ossuary  | Reached XP level 7. HP: 33/37 MP: 6/8
  3386 | Ossuary  | Reached skill level 5 in Stealth
  3386 | Ossuary  | Reached skill level 5 in Unarmed Combat
  3820 | D:5      | Noticed Sigmund
  3874 | D:5      | Noticed Dowan
  3898 | D:5      | Killed Dowan
  3934 | D:5      | Noticed Duvessa
  3943 | D:5      | Killed Duvessa
  3944 | D:5      | Reached skill level 5 in Fighting
  3944 | D:5      | Gained mutation: You have razor-sharp teeth. [Vine Stalker
                  | growth]
  3944 | D:5      | Reached XP level 8. HP: 21/43 MP: 3/9
  4029 | D:5      | Reached skill level 6 in Unarmed Combat
  4471 | D:5      | Found a hide-covered altar of Uskayaw.
  4991 | D:6      | Reached skill level 7 in Unarmed Combat
  5003 | D:6      | Reached XP level 9. HP: 48/48 MP: 8/10
  5756 | D:6      | Found a shimmering altar of Xom.
  6444 | D:7      | Reached skill level 8 in Unarmed Combat
  6686 | D:7      | Reached skill level 10 in Stealth
  6695 | D:7      | Found a flagged portal.
  6741 | Bailey   | Entered a bailey
  6812 | Bailey   | Reached XP level 10. HP: 55/55 MP: 11/11
  6902 | Bailey   | Reached skill level 9 in Unarmed Combat
  6984 | Bailey   | Noticed a gargoyle
  7455 | D:7      | Identified the +1 quarterstaff of Emmolis {flame, rF+ SInv
                  | Stlth+}
  7534 | D:7      | Found a white marble altar of Elyvilon.
  7631 | D:7      | Found a basalt altar of Yredelemnul.
  7753 | D:7      | Reached * piety under Ashenzari
  7928 | D:8      | Reached ** piety under Ashenzari
  7934 | D:8      | Noticed Erica
  8095 | D:8      | Noticed a boulder beetle
  8161 | D:8      | Killed a boulder beetle
  8335 | D:8      | Found a sacrificial altar of Ru.
  8406 | D:8      | Reached skill level 10 in Unarmed Combat
  8766 | D:8      | Killed Erica
  9069 | D:9      | Found Kokkunt's Weapon Emporium.
  9073 | D:9      | Noticed a two-headed ogre
  9214 | D:9      | Reached XP level 11. HP: 57/64 MP: 10/12
  9247 | D:9      | Noticed a two-headed ogre
  9277 | D:9      | Killed a two-headed ogre
  9415 | D:9      | Found a staircase to the Lair.
  9464 | D:9      | Killed a two-headed ogre
  9465 | D:9      | Reached skill level 10 in Fighting
  9465 | D:9      | Reached skill level 11 in Unarmed Combat
  9962 | D:9      | Found an ornate altar of the Wu Jian Council.
 10003 | D:9      | Found Xor Vufe's Antique Armour Shop.
 10011 | D:9      | Bought an embroidered scarf for 248 gold pieces
 10166 | Lair:1   | Entered Level 1 of the Lair of Beasts
 10173 | Lair:1   | Reached *** piety under Ashenzari
 10377 | Lair:1   | Reached skill level 12 in Unarmed Combat
 10790 | Lair:1   | Reached **** piety under Ashenzari
 10856 | Lair:1   | Reached XP level 12. HP: 69/74 MP: 13/13
 11294 | Lair:2   | Reached skill level 13 in Unarmed Combat
 11538 | Lair:2   | Found a large runed translucent door.
 11538 | Lair:2   | Found a large runed translucent door.
 11541 | Lair:2   | Noticed DeathPants's ghost (journeyman VSMo)
 11925 | Lair:2   | Reached ***** piety under Ashenzari
 12205 | Lair:3   | Found a staircase to the Swamp.
 12237 | Lair:3   | Found a hole to the Spider Nest.
 12314 | Lair:3   | Found a sacrificial altar of Ru.
 12421 | Lair:3   | Identified a scroll of acquirement
 12427 | Lair:3   | Noticed a boulder beetle
 12433 | Lair:3   | Acquired a manual of Stealth
 12449 | Lair:3   | Noticed a six-headed hydra
 12458 | Lair:3   | Noticed a dire elephant
 12458 | Lair:3   | Identified the +1 glaive "Yluyrorgh" {heavy, Fly rElec
                  | Str+2 Int-2}
 12464 | Lair:3   | HP: 2/77 [dire elephant (7)]
 12470 | Lair:3   | Found a runed translucent door.
 12470 | Lair:3   | Killed from afar by a rime drake

Illustrated notes

Levels and vault maps discovered:
D:1:      minmay_arrival_arboretum_small, layout_loops_cross, serial_glass,
          glass_columns_a, glass_columns_b, minmay_strange_pillars,
          item_on_display_a
D:2:      layout_basic, minmay_fountain_box, minmay_unequal
D:3:      minmay_wonky_spiral, layout_basic
D:4:      black_bear_nest_2, layout_gridville, kennysheep_okawaru_gauntlet,
          mainiacjoe_overflow_alcove_1, fedhas_altar_decomposition, temple_hall,
          nicolae_stop_n_shop_1
D:5:      layout_loops_ring, nicolae_uskayaw_suspiria, enter_ossuary_2,
          uniq_duvessa, uniq_sigmund
D:6:      layout_basic, tgw_xom, reono_crystal_passage
D:7:      minmay_bubble_buster, layout_basic, nicolae_overflow_hidden_temple,
          elyvilon_altar_1, enter_bailey_5, minmay_mini_ossuary
D:8:      layout_loops_ring, general_overflow_altar, uniq_erica
D:9:      layout_irregular_city, nzn_wu_jian_council_hall, dpeg_oklobed_lair,
          serial_shops, nicolae_shop_window_shopping, kennysheep_another_room,
          nicolae_stop_n_shop_1, hangedman_abyss_or_decor_stabs,
          grunt_ministairs_14
Temple:   nicolae_temple_ecumenical_triangle
Lair:1:   layout_long_grid
Lair:2:   layout_regular_city, ebering_ghost_disaster_area
Lair:3:   gammafunk_lair_enchanted_lake, layout_misc_corridors, swamp_mist,
          nicolae_spider_entry_non_spiders, basic_altar

Skill      XL: |  1  2  3  4  5  6  7  8  9 10 11 12 |
---------------+-------------------------------------+-----
Fighting       | 2 3 4 5 6 7 9 11 12 | 12.4
Throwing       | 2 |  2.0
Stealth        | 1 2 3 4 6 8 10 | 10.2
Unarmed Combat | 4 5 7 8 10 12 13 | 13.6
Dodging        | |  2.6

Action                     |  1- 3 |  4- 6 |  7- 9 | 10-12 || total
---------------------------+-------+-------+-------+-------++-------
  Melee: Unarmed           |   133 |   302 |   427 |   552 ||  1414
         Bite              |    33 |    80 |   136 |   206 ||   455
         Punch             |     5 |     9 |    29 |    40 ||    83
  Throw: Throwing net      |       |       |     3 |     3 ||     6
         Dart              |       |       |       |    21 ||    21
         Javelin           |       |       |       |     7 ||     7
 Invoke: Curse Item        |       |       |     1 |     7 ||     8
  Evoke: Wand              |       |       |     2 |     1 ||     3
    Use: Scroll            |     1 |     8 |     6 |    12 ||    27
         Potion            |       |       |     1 |     5 ||     6
   Stab: Sleeping          |     1 |    10 |    15 |    24 ||    50
         Held in net/web   |       |       |       |     1 ||     1
         Distracted        |       |       |       |     1 ||     1
 Armour: Leather armour    |    37 |    96 |   190 |    58 ||   381
         Swamp dragon scal |       |       |       |   115 ||   115
  Dodge: Dodged            |   106 |   164 |   291 |   319 ||   880
         Repelled          |       |       |       |     1 ||     1

Table legend: (Time is in decaauts)
 A = Elapsed time spent in this place.
 B = Non-inter-level travel time spent in this place.
 C = Inter-level travel time spent in this place.
 D = Time resting spent in this place.
 E = Time spent auto-exploring this place.
 F = Levels seen in this place.
 G = Mean time per level.
                   A        B        C        D        E       F      G
               +--------+--------+--------+--------+--------+-----+--------+
         Total |  12285 |  12008 |    277 |   1566 |   6049 |  15 |  819.0 |
       Dungeon |   9015 |   8793 |    222 |   1203 |   4524 |   9 | 1001.7 |
        Temple |     43 |     38 |      5 |      0 |      0 |   1 |   43.0 |
          Lair |   2244 |   2194 |     50 |    171 |   1471 |   3 |  748.0 |
       Ossuary |    559 |    559 |      0 |    135 |     39 |   1 |  559.0 |
        Bailey |    422 |    422 |      0 |     57 |     15 |   1 |  422.0 |
               +--------+--------+--------+--------+--------+-----+--------+

Top non-repeatable levels by time:
     D:6: 1573 daAuts
     D:7: 1363 daAuts
     D:8: 1130 daAuts
     D:9: 1102 daAuts
  Lair:1: 1048 daAuts
  Lair:2: 925 daAuts
     D:2: 921 daAuts
     D:1: 826 daAuts
     D:5: 824 daAuts
     D:3: 652 daAuts
     D:4: 620 daAuts
 Ossuary: 559 daAuts
  Bailey: 422 daAuts
  Lair:3: 270 daAuts
  Temple: 43 daAuts
